 Dungeon Crawl Stone Soup version bcrawl-1.12-5-g74a5124548 (webtiles) character file.

Game seed: 17772608170032020971

4864 MisterOstroum the Basher (level 10, -8/84 HPs)
             Began as a Demonspawn Archaeologist on June 1, 2019.
             Was an Initiate of Kikubaaqudgha.
             Mangled by a two-headed ogre
             ... wielding a +0 giant club
              (20 damage)
             ... on level 8 of the Dungeon.
             The game lasted 00:25:14 (9811 turns).

MisterOstroum the Basher (Demonspawn Archaeologist) Turns: 9811, Time: 00:25:14

Health: -8/84      AC: 15    Str: 15    XL:     10   Next: 26%
Magic:  16/16      EV:  4    Int: 17    God:    Kikubaaqudgha [......]
Gold:   241        SH:  0    Dex: 10    Spells: 17/17 levels left

rFire    + + .     SeeInvis .   f - +7 sceptre of Torment {pain, torment}
rCold    x . .     Gourm    .   (no shield)
rNeg     + . .     Faith    .   r - +0 plate armour
rPois    .         Spirit   .   b - +1 hat
rElec    .         Reflect  .   (no cloak)
rCorr    .         Harm     .   d - +1 pair of gloves
MR       .....                  c - +1 pair of boots
Stlth    ..........             (no amulet)
HPRegen  0.24/turn              a - ring of positive energy
MPRegen  0.15/turn              h - ring of fire

@: no status effects
A: antennae 2, clumsy 1, fire resistance 1, powered by death 1, powered by pain
2, strong 1
a: Renounce Religion


You were on level 8 of the Dungeon.
You worshipped Kikubaaqudgha.
Kikubaaqudgha was noncommittal.
You were hungry.

You visited 2 branches of the dungeon, and saw 9 of its levels.

You collected 481 gold pieces.
You spent 240 gold pieces at shops.

Inventory:

Hand Weapons
 f - the +7 sceptre of Torment (weapon) {pain, torment} In the hands of one skilled in necromantic magic, it inflicts extra damage on living creatures.
 u - a +1 whip of electrocution
 y - a +0 whip of flaming
Missiles
 v - 778 stones (quivered)
 G - 123 tomahawks
Armour
 b - a +1 hat (worn)
 c - a +1 pair of boots (worn)
 d - a +1 pair of gloves (worn)
 r - a +0 plate armour (worn)
 L - the cursed +0 large shield "Egaghobi" {rPois Int+5, unknown}
   (You found it on level 7 of the Dungeon)

   It affects your intelligence (+5).
   It protects you from poison.
   It has a curse placed upon it.
Jewellery
 a - a ring of positive energy (left hand)
 h - a ring of fire (right hand)
 j - an uncursed ring of stealth
 w - a +2 ring of intelligence
Wands
 B - a wand of iceblast (11)
 N - a wand of acid (8)
Scrolls
 g - a scroll of teleportation {@r3 !r}
 i - a scroll of fear {!r}
 k - 7 scrolls of remove curse {@r2}
 l - a scroll of immolation
 s - a scroll of amnesia
 t - 4 scrolls of blinking {@r4}
 x - 2 scrolls of enchant armour {unknown}
 I - a scroll of enchant weapon {unknown}
 J - a scroll of noise {unknown}
 K - 2 scrolls of identify {@r1}
 M - a scroll of summoning {unknown}
Potions
 m - a potion of heal wounds {@q2 !q}
 n - a potion of ambrosia
 o - a potion of mutation
 p - 2 potions of agility
 q - a potion of might {unknown}
 z - 3 potions of haste {@q4 !q}
 A - 3 potions of curing
 D - 2 potions of magic
 E - a potion of resistance {unknown}
 F - a potion of flight {unknown}
 H - a potion of brilliance
Miscellaneous
 C - a sack of spiders
Comestibles
 e - 17 rations {!d}


   Skills:
 * Level 9.7 Fighting
 * Level 10.5 Maces & Flails
 - Level 2.6 Dodging
 - Level 3.0 Stealth
 - Level 4.0 Spellcasting
 + Level 2.1 Necromancy


You had 17 spell levels left.
You didn't know any spells.
Your spell library contained the following spells:

 Spells                   Type           Power        Failure   Level  Hunger
 Corona                   Hex            #......      100%        1    None
 Ensorcelled Hibernation  Hex/Ice        #.....       100%        2    ##.....
 Confuse                  Hex            #.......     100%        3    ###....
 Dazzling Spray           Conj/Hex       #.....       100%        3    ###....
 Tukima's Dance           Hex            #.......     100%        3    ###....


Dungeon Overview and Level Annotations

Branches:
Dungeon (8/12)             Temple (1/1) D:6
   Lair: D:7-10         Orc: D:8-11

Altars:
Ashenzari
Cheibriados
Dithmenos
Elyvilon
Fedhas
Gozag
Kikubaaqudgha
Lugonu
Makhleb
Nemelex Xobeh
Okawaru
Qazlal
Ru
Sif Muna
Trog
Uskayaw
Vehumet
Wu Jian
Xom
Yredelemnul
Zin
The Shining One

Shops:
D:4 %?}%:   D:8 :


Innate Abilities, Weirdness & Mutations

You have a pair of antennae on your head.
You regenerate a little health from kills.
You sometimes gain power by taking damage.
You are clumsy. (Dex -2)
Your flesh is heat resistant. (rF+)
Your muscles are strong. (Str +2)


Message History

A shadow comes into view.
The killer bee stings you but does no damage.
You feel sick. The killer bee stings you.
Your plate armour prevents you from hitting the killer bee.
The killer bee is lightly wounded.
The killer bee stings you. x2
You bludgeon the killer bee!!
You kill the killer bee!
Kikubaaqudgha accepts your kill.
You feel sick. The killer bee barely misses you.
You bludgeon the killer bee!!
The two-headed ogre convulses!
You kill the killer bee!
Kikubaaqudgha accepts your kill.
You feel sick.
You closely miss the two-headed ogre.
The two-headed ogre is heavily wounded.
The two-headed ogre hits you with a +0 giant club!!
The two-headed ogre hits you with a +0 giant spiked club.
You feel sick.
The shadow slips into darkness.
The shadow flickers and vanishes!
Deactivating autopickup; reactivate with Ctrl-A.
You feel sick.
You feel sick. The killer bee stings you.
The killer bee stings you but does no damage.
Okay, then.
Unknown command.
You puncture the killer bee!
The killer bee writhes in agony.
The killer bee is almost dead.
You feel sick. The killer bee barely misses you. The killer bee stings you.
You miss the killer bee.
The killer bee is almost dead.
The killer bee stings you but does no damage. x2
You bludgeon the killer bee!!
You kill the killer bee!
Kikubaaqudgha accepts your kill.
The killer bee stings you but does no damage.
Your plate armour prevents you from hitting the killer bee.
The killer bee stings you but does no damage. x2
You hit the killer bee.
The killer bee writhes in agony.
The killer bee is moderately wounded.
You feel sick.
You are no longer poisoned.
The killer bee stings you but does no damage.
There is an open door here.
There is an open door here.
The killer bee stings you but does no damage.
The killer bee stings you but does no damage.
You miss the killer bee.
The killer bee is moderately wounded.
The killer bee stings you.
The killer bee stings you but does no damage.
You see here a ring mail.
The shadow slips into darkness.
The shadow flickers and vanishes!
The killer bee stings you but does no damage.
The killer bee stings you.
You are poisoned.
The killer bee poisons you!
You feel sick.
The killer bee stings you but does no damage.
You miss the killer bee.
The killer bee is moderately wounded.
The killer bee stings you but does no damage.
The killer bee completely misses you.
You feel sick. The killer bee barely misses you. The killer bee stings you.
* * * LOW HITPOINT WARNING * * *
You feel sick.
The killer bee stings you but does no damage.
You puncture the killer bee!
You kill the killer bee!
Kikubaaqudgha accepts your kill.
Your Necromancy skill increases to level 2!
The shadow strikes at you from the darkness!
* * * LOW HITPOINT WARNING * * *
Reactivating autopickup.
Really quaff
m - 2 potions of heal wounds {@q2 !q}?
You feel much better.
You feel sick. The shadow hits you.
You impale the shadow!!
The shadow is almost destroyed.
The shadow slips into darkness.
The shadow flickers and vanishes!
Deactivating autopickup; reactivate with Ctrl-A.
You closely miss something.
The shadow strikes at you from the darkness!
* * * LOW HITPOINT WARNING * * *
Reactivating autopickup.
You sock the shadow!
You destroy the shadow!
Kikubaaqudgha accepts your kill.
You feel sick.
You feel sick.
You see here 93 arrows.
You feel sick.
You are no longer poisoned.
The two-headed ogre hits you with a +0 giant club!!
You die...
Kikubaaqudgha rasps: "You have failed me!
Welcome... death!"

##.###.###
#.#.....
##.#.######.##....
##.......†.##.###
#.##########.#
###.# ##+## #.(.#
##...## #.####
##.....# #O##.##
##..<....
#@#...####........
#........'........
#.#...####........
#.##.## ##.......
#.#### ##.....#
#.# ##...## #.#
##+## ... #.#


You could see a two-headed ogre.

Vanquished Creatures
  Pikel (D:4)
  A centaur zombie (D:5)
  A hippogriff (D:7)
  A shadow (D:8)
  A hungry ghost (D:5)
  Duvessa (D:7)
  An ice beast (D:6)
  2 orc warriors
  2 sky beasts
  4 ogres
  A necrophage (D:6)
  A phantom (D:6)
  2 eyes of draining (D:3)
  2 centaurs
  A crocodile (D:7)
  4 bullfrogs
  Blork the orc (D:4)
  A big kobold (D:6)
  Dowan (D:7)
  A water moccasin zombie (D:6)
  2 scorpions
  4 killer bees (D:8)
  3 wights (D:7)
  A vampire bat (D:7)
  4 crimson imps
  3 hounds
  2 jellies
  6 orc wizards
  5 orc priests
  3 bullfrog skeletons
  2 iguanas
  4 worker ants
  A killer bee zombie (D:7)
  A hound zombie (D:5)
  A hound skeleton (D:4)
  6 gnolls
  2 howler monkey skeletons
  9 adders
  3 shadow imps
  An ooze (D:7)
  2 adder skeletons
  2 worms
  3 dart slugs
  7 leopard geckos
  21 orcs
  7 bats
  2 bat skeletons (D:7)
  3 bat zombies (D:7)
  A giant cockroach (D:2)
  12 goblins
  11 hobgoblins
  8 jackals
  4 quokkas
  5 frilled lizards
  12 kobolds
  A leopard gecko skeleton (D:6)
  7 rats
201 creatures vanquished.

Vanquished Creatures (others)
  A jelly (D:4)
  A centaur skeleton (D:4)
  2 worker ants (D:4)
  An orc (D:4)
5 creatures vanquished.

Grand Total: 206 creatures vanquished

Notes
Turn   | Place    | Note
-------+----------+-------------------------------------------
     0 | D:1      | MisterOstroum the Demonspawn Archaeologist began the quest
                  | for the Orb.
     0 | D:1      | Reached XP level 1. HP: 15/15 MP: 1/1
   418 | D:1      | Gained mutation: You regenerate a little health from kills.
                  | [demonic ancestry]
   418 | D:1      | Reached XP level 2. HP: 22/22 MP: 2/2
  1045 | D:1      | Gained mutation: You have a pair of small antennae on your
                  | head. [demonic ancestry]
  1045 | D:1      | Reached XP level 3. HP: 27/29 MP: 3/3
  1250 | D:1      | Reached skill level 1 in Maces & Flails
  1626 | D:2      | Reached skill level 2 in Maces & Flails
  1880 | D:2      | Reached skill level 3 in Maces & Flails
  1880 | D:2      | Reached XP level 4. HP: 34/35 MP: 4/4
  2247 | D:3      | Reached skill level 4 in Maces & Flails
  2329 | D:3      | Gained mutation: You sometimes gain a little power by
                  | taking damage. [demonic ancestry]
  2329 | D:3      | Reached XP level 5. HP: 35/41 MP: 5/5
  2347 | D:3      | Reached skill level 5 in Maces & Flails
  2973 | D:3      | Reached skill level 6 in Maces & Flails
  3663 | D:3      | Found a bloodstained altar of Trog.
  3663 | D:3      | Noticed an eye of draining
  3663 | D:3      | Noticed an eye of draining
  3686 | D:3      | Killed an eye of draining
  3686 | D:3      | Gained mutation: You sometimes gain power by taking damage.
                  | [demonic ancestry]
  3686 | D:3      | Reached XP level 6. HP: 47/47 MP: 0/6
  3916 | D:3      | Reached skill level 7 in Maces & Flails
  4289 | D:4      | Found Toetawnok's Food Shop.
  4319 | D:4      | Reached XP level 7. HP: 52/54 MP: 7/7
  4321 | D:4      | Noticed Pikel
  4331 | D:4      | Killed Pikel
  4331 | D:4      | Reached skill level 5 in Fighting
  4342 | D:4      | Found Nimuipla's Gadget Boutique.
  4362 | D:4      | Bought a sack of spiders for 240 gold pieces
  4391 | D:4      | Reached skill level 8 in Maces & Flails
  4391 | D:4      | Reached XP level 8. HP: 64/64 MP: 8/8
  4453 | D:4      | Found Lugit's Food Shoppe.
  4466 | D:4      | Noticed Blork the orc
  4485 | D:4      | Killed Blork the orc
  4513 | D:4      | Found Ireskyto's Magic Scroll Boutique.
  5044 | D:4      | Found Qemir's Book Emporium.
  5089 | D:4      | Found an ornate altar of the Wu Jian Council.
  5269 | D:5      | Entered Level 5 of the Dungeon
  5353 | D:5      | Found a blossoming altar of Fedhas.
  5354 | D:5      | Found a snail-covered altar of Cheibriados.
  5601 | D:5      | Reached skill level 1 in Spellcasting
  5728 | D:5      | Reached skill level 9 in Maces & Flails
  5856 | D:5      | Reached XP level 9. HP: 49/72 MP: 11/11
  6429 | D:5      | Found an iron altar of Okawaru.
  7425 | D:6      | Gained mutation: You have a pair of antennae on your head.
                  | [potion of mutation]
  7425 | D:6      | Gained mutation: Your muscles are strong. (Str +2) [potion
                  | of mutation]
  7425 | D:6      | Gained mutation: You are clumsy. (Dex -2) [potion of
                  | mutation]
  7425 | D:6      | Gained mutation: Your flesh is heat resistant. (rF+)
                  | [potion of mutation]
  7663 | D:6      | Found a staircase to the Ecumenical Temple.
  7675 | Temple   | Entered the Ecumenical Temple
  7938 | D:6      | Reached skill level 10 in Maces & Flails
  8577 | D:7      | Found an ancient bone altar of Kikubaaqudgha.
  8631 | D:7      | Noticed Duvessa
  8631 | D:7      | Noticed Dowan
  8654 | D:7      | Became a worshipper of Kikubaaqudgha
  8666 | D:7      | Killed Duvessa
  8686 | D:7      | Killed Dowan
  9078 | D:7      | Reached XP level 10. HP: 80/83 MP: 15/15
  9161 | D:7      | Found a glowing silver altar of Zin.
  9166 | D:7      | Reached skill level 1 in Necromancy
  9358 | D:7      | Got a slimy large shield
  9703 | D:8      | Found Caergh's Book Shop.
  9739 | D:8      | Noticed a two-headed ogre
  9811 | D:8      | Mangled by a two-headed ogre

Skill      XL: |  1  2  3  4  5  6  7  8  9 10 |
---------------+-------------------------------+-----
Fighting       | 2 3 4 5 7 9 |  9.7
Maces & Flails | 3 4 6 7 8 9 10 | 10.5
Spellcasting   | 1 3 4 |  4.0
Necromancy     | 2 |  2.1
Dodging        | |  2.6
Stealth        | |  3.0

Action                   |  1- 3 |  4- 6 |  7- 9 | 10-12 || total
-------------------------+-------+-------+-------+-------++-------
Melee: Unarmed           |    41 |       |       |       ||    41
       Club              |    86 |       |       |       ||    86
       Dagger            |   111 |       |       |       ||   111
       Whip              |    39 |   198 |   544 |    43 ||   824
       Eveningstar       |       |       |       |    29 ||    29
Throw: Stone             |    10 |    64 |   206 |    36 ||   316
       Tomahawk          |       |       |    11 |       ||    11
  Use: Potion            |       |       |     3 |     1 ||     4
       Scroll            |       |       |    12 |       ||    12
 Stab: Sleeping          |     4 |       |       |       ||     4
  Eat: Chunk             |     4 |     7 |    21 |     3 ||    35
Armor: Robe              |    64 |       |       |       ||    64
       Plate armour      |   109 |   105 |   306 |    42 ||   562
       Skin              |       |       |     4 |       ||     4
Dodge: Dodged            |   131 |    28 |    56 |    14 ||   229
